 Dungeon Crawl Stone Soup version 0.27.0-1-g7a089689b8 (webtiles) character file.

Game seed: 16505233243374451856

5134 fiver49 the Slicer (level 10, -23/60 HPs)
             Began as a Vampire Hunter on Aug 3, 2021.
             Was a Believer of Makhleb.
             Annihilated by Grum (26 damage)
             ... on level 8 of the Dungeon.
             The game lasted 00:20:14 (8555 turns).

fiver49 the Slicer (Vampire Hunter)                 Turns: 8555, Time: 00:20:44

Health: -23/60     AC:  9    Str: 13 (14) XL:     10   Next: 33%
Magic:  12/12      EV: 28    Int: 12 (14) God:    Makhleb [**....]
Gold:   272        SH:  0    Dex: 15      Spells: 9/9 levels left

rFire    . . .     SeeInvis +   e - +2 dagger (venom)
rCold    + + +     Faith    .   (no shield)
rNeg     + + +     Spirit   .   F - +1 ring mail {rC+}
rPois    ∞         Reflect  .   (no helmet)
rElec    .         Harm     .   (no cloak)
rCorr    .         Rampage  .   (no gloves)
Will     +....                  v - +2 pair of boots
Stlth    ++++++....             l - amulet of the acrobat
HPRegen  0.00/turn              (no ring)
MPRegen  0.13/turn              (no ring)

@: acrobatic, bloodless, inhibited regen, slowed, very slow
A: bloodless, fangs 3, see invisible, vampiric 2
a: Bat Form, Revivify, Renounce Religion, Minor Destruction


You were on level 8 of the Dungeon.
You worshipped Makhleb.
Makhleb was pleased with you.
You visited 2 branches of the dungeon, and saw 9 of its levels.
You also visited: Sewer.

You collected 360 gold pieces.
You spent 88 gold pieces at shops.

Inventory:

Hand Weapons
 a - a +0 short sword
 e - a +2 dagger of venom (weapon)
 B - a +0 rapier
Missiles
 c - 12 javelins
 d - 2 throwing nets
 A - 8 poisoned darts (quivered)
Armour
 v - a +2 pair of boots (worn)
 E - a +0 ring mail
 F - a +1 ring mail of cold resistance (worn)
Jewellery
 g - a ring of magical power
 l - an amulet of the acrobat (around neck)
 m - a ring of ice
Scrolls
 f - 4 scrolls of identify {unknown}
 h - a scroll of amnesia {unknown}
 i - a scroll of enchant armour {unknown}
 j - 2 scrolls of immolation {unknown}
 n - 5 scrolls of magic mapping {unknown}
 o - 3 scrolls of noise {unknown}
 s - 2 scrolls of silence {unknown}
 t - 3 scrolls of blinking {unknown}
 u - 3 scrolls of teleportation {unknown}
 w - a scroll of fear {unknown}
 C - a scroll of fog {unknown}
Potions
 k - 3 potions of haste {unknown}
 q - 2 potions of curing
 r - 3 potions of brilliance {unknown}
 x - a potion of resistance {unknown}
 z - 2 potions of cancellation {unknown}


   Skills:
 * Level 5.9 Fighting
 - Level 10.0 Short Blades
 - Level 3.2 Throwing
 + Level 3.3 Armour
 * Level 7.1 Dodging
 * Level 9.7 Stealth
 + Level 3.6 Invocations


You had 9 spell levels left.
You didn't know any spells.
Your spell library contained the following spells:

 Spells                   Type           Power      Damage    Failure   Level
 Corona                   Hex            0%         N/A       56%         1
 Blink                    Tloc           N/A        N/A       71%         2
 Corpse Rot               Necr/Air       N/A        N/A       71%         2
 Ensorcelled Hibernation  Hex/Ice        0%         N/A       71%         2
 Poisonous Vapours        Pois/Air       0%         N/A       71%         2
 Conjure Flame            Conj/Fire      0%         6-21      90%         3
 Ignite Poison            Fire/Tmut/Pois 0%         N/A       90%         3
 Inner Flame              Hex/Fire       0%         N/A       90%         3
 Lesser Beckoning         Tloc           0%         N/A       90%         3
 Tukima's Dance           Hex            0%         N/A       90%         3
 Cause Fear               Hex            0%         N/A       100%        4
 Passage of Golubria      Tloc           N/A        N/A       100%        4
 Sticky Flame             Conj/Fire      0%         2d3       100%        4
 Freezing Cloud           Conj/Ice/Air   0%         6-21      100%        5
 Manifold Assault         Tloc           0%         N/A       100%        5
 Silence                  Hex/Air        0%         N/A       100%        5
 Conjure Ball Lightning   Conj/Air       0%         3x3d6     100%        6
 Storm Form               Tmut/Air       0%         N/A       100%        7
 Discord                  Hex            0%         N/A       100%        8
 Lehudib's Crystal Spear  Conj/Erth      0%         10d2      100%        8


Dungeon Overview and Level Annotations

Branches:
Dungeon (8/15)             Temple (1/1) D:4           Sewer (visited)
   Lair: D:8-11

Altars:
Ashenzari
Cheibriados
Dithmenos
Elyvilon
Fedhas
Hepliaklqana
Kikubaaqudgha
Makhleb
Nemelex Xobeh
Okawaru
Qazlal
Ru
Sif Muna
Trog
Uskayaw
Vehumet
Xom
Zin
The Shining One

Shops:
D:1 *   D:4 !

Annotations:
D:7 exclusions: hydra and troll
D:8 exclusion: 3 wolves, Grum, Maggie, Maurice


Innate Abilities, Weirdness & Mutations

You do not regenerate when monsters are visible.
You are frail without blood (-20% HP).
You can heal yourself when you bite living creatures.
You are immune to poison.
You have razor-sharp teeth.
You have supernaturally acute eyesight. (SInv)
You are afflicted with vampirism and can become a bat while bloodless.


Message History

Unknown command.
You barely miss Maggie.
Maggie is lightly wounded.
The bat misses you.
Maggie hits you with a +1 war axe of flaming!
Maggie burns you. The quokka barely misses you. The bat hits you.
Unknown command.
You hit Gastronok but do no damage.
Gastronok looks as sick as possible!
Gastronok is almost dead.
You break out of your daze.
You kill Gastronok!
Makhleb accepts your kill.
The bat disappears in a puff of smoke!
The quokka disappears in a puff of smoke!
Maggie hits you but does no damage.
You feel your strength returning.
You feel your dexterity returning.
Your Armour skill increases to level 3!
Your Dodging skill increases to level 7!
Your Stealth skill increases to level 9!
You have reached level 10!
You feel agile.
Okay, then.
Maggie casts a spell.
Maggie attempts to bespell you! You resist.
Maggie gestures wildly while chanting.
Maggie attempts to bespell you! You resist with some effort.
Maggie points at you and mumbles some strange words.
The bolt of fire misses you. Grum misses you. Grum hits you with a -1 glaive!!
* * * LOW HITPOINT WARNING * * *
The wolf howls!
Okay, then.
Unknown command.
The wolf bites you but does no damage.
Maggie hits you with a +1 war axe of flaming.
* * * LOW HITPOINT WARNING * * *
Maggie burns you.
* * * LOW HITPOINT WARNING * * *
Grum hits you from afar with a -1 glaive!!
You die...

...........# ....
...........# ......
....#......# ......#
### ##.....#
.......#### #.....#
.$.......##### #.....#
......##.....###.....#
###)....###..hg.#####
###..........@@..<..#
........#[....#######
....#...#####..#
........# ####
.....#### #.... ####


You could see Maggie, Grum and a wolf.

Vanquished Creatures
  Gastronok (D:8)
  Joseph (D:7)
  A wyvern (D:8)
  A water moccasin (D:7)
  An orc warrior (D:6)
  5 sky beasts
  2 ice beasts
  Duvessa (D:6)
  4 ogres
  A black bear (D:7)
  A hornet zombie (D:5)
  3 centaurs
  4 lemures (D:5)
  A bullfrog (D:7)
  3 scorpions
  Dowan (D:6)
  8 wights
  A howler monkey (D:2)
  An electric eel (D:6)
  A bullfrog zombie (D:5)
  A centaur zombie (D:6)
  2 hounds
  3 bullfrog skeletons
  A jelly (D:6)
  A centaur skeleton (D:7)
  5 iguanas
  5 orc wizards
  2 hound skeletons
  A howler monkey zombie (D:7)
  10 adders
  2 river rats (D:4)
  A shadow imp (D:7)
  A white imp (D:6)
  2 worms
  A dart slug (D:1)
  13 orcs
  4 endoplasms
  2 giant cockroaches
  5 hobgoblins
  8 jackals
  3 quokkas
  10 ball pythons
  7 bats
  4 frilled lizards (Sewer)
  6 goblins
  11 kobolds
  8 rats
161 creatures vanquished.

Vanquished Creatures (others)
  23 fungi (D:6)
  12 plants (Sewer)
35 creatures vanquished.

Grand Total: 196 creatures vanquished

Notes
Turn   | Place    | Note
-------+----------+-------------------------------------------
     0 | D:1      | fiver49 the Vampire Hunter began the quest for the Orb.
     0 | D:1      | Reached XP level 1. HP: 16/16 MP: 1/1
    40 | D:1      | Found a faded altar of an unknown god.
    40 | D:1      | Noticed a floating eye
    42 | D:1      | Noticed a shining eye
    43 | D:1      | Noticed a great orb of eyes
    43 | D:1      | Noticed a great orb of eyes
   113 | D:1      | Reached skill level 1 in Short Blades
   573 | D:1      | Found Gemaoh's Assorted Antiques.
   614 | D:1      | Reached XP level 2. HP: 18/22 MP: 2/2
   659 | D:1      | Reached skill level 2 in Short Blades
  1112 | D:2      | Reached skill level 3 in Short Blades
  1112 | D:2      | Gained mutation: You are afflicted with vampirism and can
                  | become a bat while bloodless. [Vampire growth]
  1112 | D:2      | Reached XP level 3. HP: 27/27 MP: 3/3
  1136 | D:2      | Reached skill level 4 in Short Blades
  1136 | D:2      | Reached XP level 4. HP: 33/33 MP: 4/4
  1523 | D:3      | Reached skill level 5 in Short Blades
  1641 | D:3      | Reached XP level 5. HP: 38/38 MP: 5/5
  1948 | D:3      | Found a blossoming altar of Fedhas.
  2096 | D:3      | Found a shimmering blue altar of Sif Muna.
  2124 | D:3      | Found an ancient bone altar of Kikubaaqudgha.
  2149 | D:3      | Found a radiant altar of Vehumet.
  2158 | D:3      | Reached skill level 6 in Short Blades
  2397 | D:3      | Noticed a sky beast
  2406 | D:3      | Killed a sky beast
  2407 | D:3      | Reached XP level 6. HP: 44/44 MP: 6/6
  2537 | D:4      | Reached skill level 7 in Short Blades
  2565 | D:4      | Found Bolehise's Distillery.
  2575 | D:4      | Bought a potion of heal wounds for 55 gold pieces
  2575 | D:4      | Bought a potion of curing for 33 gold pieces
  2602 | D:4      | Found a staircase to the Ecumenical Temple.
  2643 | Temple   | Entered the Ecumenical Temple
  2663 | Temple   | Became a worshipper of Makhleb the Destroyer
  3184 | D:4      | Reached skill level 8 in Short Blades
  3184 | D:4      | Reached XP level 7. HP: 31/49 MP: 7/7
  3209 | D:4      | Found a glowing drain.
  3225 | Sewer    | Entered a sewer
  3353 | Sewer    | Reached * piety under Makhleb
  3894 | D:5      | Entered Level 5 of the Dungeon
  3924 | D:5      | Reached skill level 9 in Short Blades
  4056 | D:5      | Got the Grimoire of Lightness
  4505 | D:5      | Reached skill level 10 in Short Blades
  4524 | D:5      | Reached XP level 8. HP: 56/56 MP: 8/8
  4749 | D:5      | Reached skill level 1 in Invocations
  5025 | D:5      | Found a shadowy altar of Dithmenos.
  5107 | D:5      | Reached skill level 1 in Armour
  5372 | D:6      | Reached ** piety under Makhleb
  5373 | D:6      | Reached skill level 5 in Stealth
  5430 | D:6      | Found a sparkling altar of Nemelex Xobeh.
  5443 | D:6      | Noticed Dowan
  5474 | D:6      | Killed Dowan
  5651 | D:6      | Noticed Duvessa
  5676 | D:6      | Killed Duvessa
  5832 | D:6      | Reached XP level 9. HP: 65/65 MP: 10/10
  5879 | D:6      | Found a shimmering altar of Xom.
  6230 | D:6      | Reached skill level 5 in Dodging
  6903 | D:7      | Noticed Joseph
  7428 | D:7      | Killed Joseph
  7631 | D:7      | Noticed a six-headed hydra
  7681 | D:7      | Reached skill level 5 in Fighting
  7725 | D:7      | Noticed a troll
  7904 | D:7      | Found a sacrificial altar of Ru.
  8010 | D:8      | Noticed Maurice
  8140 | D:8      | HP: 2/54 [orc (1)]
  8504 | D:8      | Found a bloodstained altar of Trog.
  8506 | D:8      | Noticed Grum
  8522 | D:8      | Noticed Maggie
  8525 | D:8      | Noticed Gastronok
  8549 | D:8      | Killed Gastronok
  8550 | D:8      | Reached XP level 10. HP: 25/60 MP: 12/12
  8555 | D:8      | HP: 3/60 [Maggie (1)]
  8555 | D:8      | Annihilated by Grum

Illustrated notes

Levels and vault maps discovered:
D:1:      wander_arrival_abandoned_jail, layout_basic,
          hellmonk_ecumenical_altar_watching_god, serial_shops, shop
D:2:      layout_basic
D:3:      minmay_angry_zag, layout_loops_corners, palyth_temple_overflow_mages,
          fedhas_altar_3, minmay_misc_feat_hallway
D:4:      layout_rooms, minmay_temple_entry_glass, portal_sewer_entry_e,
          serial_shops, nicolae_shop_statue_plus
D:5:      minmay_octagon_keep, layout_rooms, grunt_dithmenos_smoke_and_mirrors,
          uniq_pikel
D:6:      layout_loops_ring, mainiacjoe_overflow_chevrons,
          gammafunk_temple_overflow_elements, fountainhead,
          minmay_tree_intersection, uniq_duvessa
D:7:      layout_basic, marbit_many_paths, uniq_joseph
D:8:      layout_rooms, nicolae_gozag_cash_rules_everything_around_me,
          mainiacjoe_overflow_cross_hatched, mainiacjoe_overflow_paths,
          grunt_ministairs_1, uniq_gastronok, uniq_grum, uniq_maurice,
          uniq_maggie
Temple:   jpeg_temple_island

Skill      XL: |  1  2  3  4  5  6  7  8  9 |
---------------+----------------------------+-----
Short Blades   | 1 3 4 5 6 8 10 | 10.0
Fighting       | 3 5 |  5.9
Stealth        | 5 9 |  9.7
Dodging        | 4 7 |  7.1
Invocations    | 1 3 |  3.6
Armour         | 1 3 |  3.3
Throwing       | |  3.2

Action                   |  1- 3 |  4- 6 |  7- 9 | 10-12 || total
-------------------------+-------+-------+-------+-------++-------
Melee: Short sword       |    19 |       |       |       ||    19
       Dagger            |    34 |   167 |   538 |       ||   739
       Bite              |     7 |    14 |    56 |       ||    77
Throw: Javelin           |     4 |     7 |    46 |       ||    57
       Dart              |       |       |    57 |       ||    57
Invok: Minor Destruction |       |       |    10 |       ||    10
 Abil: End Transformatio |       |       |     1 |       ||     1
       Bat Form          |       |       |     1 |       ||     1
       Exsanguinate      |       |       |     1 |       ||     1
  Use: Potion            |       |       |     3 |       ||     3
 Stab: Sleeping          |     3 |     2 |     6 |       ||    11
Armor: Leather armour    |    12 |    32 |    51 |       ||    95
       Ring mail         |       |       |    25 |     1 ||    26
Dodge: Dodged            |    41 |    69 |   241 |     2 ||   353
